 Dungeon Crawl Stone Soup version 0.29.1-13-g9f3cf754e1 (webtiles) character file.

Game seed: 5543406680844413432

809 Hercules1031 the Slicer (level 7, 0/51 HPs)
             Began as a Gnoll Wanderer on Jan 22, 2023.
             Was an Initiate of Ashenzari.
             Killed by divine providence
             ... invoked by an orc priest
              (14 damage)
             ... on level 5 of the Dungeon.
             The game lasted 00:14:33 (3762 turns).

Hercules1031 the Slicer (Gnoll Wanderer)            Turns: 3762, Time: 00:14:33

Health: 0/51       AC: 14    Str:  9    XL:     7   Next: 92%
Magic:  15/15      EV: 14    Int: 16    God:    Ashenzari [......]
Gold:   291        SH:  0    Dex: 17    Spells: 10/17 levels left

rFire   + . .      SeeInvis .   a - +2 short sword
rCold   + . .      Faith    .   (no shield)
rNeg    . . .      Spirit   .   x - +2 robe {rC+ rF+}
rPois   .          Reflect  .   (no helmet)
rElec   .          Harm     .   z - +2 cloak
rCorr   +          Rampage  .   b - +1 pair of gloves
Will    .....                   k - +4 pair of boots of Supple Strength {Str+2 Int+4}
Stlth   +.........              g - amulet of regeneration
HPRegen 0.97/turn               m - ring of flight
MPRegen 0.14/turn               u - ring of resist corrosion

@: confused, flying
A: fangs 1, strong nose, distributed training
a: Renounce Religion


You were on level 5 of the Dungeon.
You worshipped Ashenzari.
Ashenzari was noncommittal.
You visited 1 branch of the dungeon, and saw 5 of its levels.

You collected 1006 gold pieces.
You spent 715 gold pieces at shops.

Inventory:

Hand Weapons
 a - a +2 short sword (weapon)
 A - a +0 rapier
Armour
 b - a +1 pair of gloves (worn)
 d - the +1 leather armour of the Tormentor {Rampage rC- rN+++ Slay+3}
   (You found it on level 3 of the Dungeon)

   Slay:      It affects your accuracy & damage with ranged weapons and melee
   (+3).
   rC:        It makes you vulnerable to cold.
   rN:        It renders you almost immune to negative energy.
   Rampage:   It bestows one free step when moving towards enemies.
 k - the +4 pair of boots of Supple Strength (worn) {Str+2 Int+4}
   (You bought it in a shop on level 2 of the Dungeon)

   Str:       It affects your strength (+2).
   Int:       It affects your intelligence (+4).
 l - a +0 scale mail of cold resistance
 t - a +0 ring mail
 x - a +2 robe of resistance (worn)
 y - a +0 kite shield
 z - a +2 cloak (worn)
Jewellery
 g - an amulet of regeneration (around neck)
 m - a ring of flight (left hand)
 u - a ring of resist corrosion (right hand)
Scrolls
 h - a scroll of identify
 n - 2 scrolls of teleportation
 p - a scroll of magic mapping
Potions
 c - a potion of attraction
 e - a potion of heal wounds {unknown}
 f - 2 potions of mutation
 i - 3 potions of haste {unknown}
 j - 3 potions of curing
 q - a potion of brilliance {unknown}
 r - a potion of flight {unknown}
 v - a potion of cancellation {unknown}
 w - a potion of lignification {unknown}


   Skills:
 + Level 2.9 Fighting
 + Level 9.0 Short Blades
 + Level 2.9 Long Blades
 + Level 2.9 Axes
 + Level 2.9 Maces & Flails
 + Level 2.9 Polearms
 + Level 2.9 Staves
 + Level 2.9 Ranged Weapons
 + Level 2.9 Throwing
 + Level 2.9 Armour
 + Level 3.9 Dodging
 + Level 3.8 Stealth
 + Level 2.9 Shields
 + Level 2.9 Unarmed Combat
 + Level 5.8 Spellcasting
 + Level 2.3 Conjurations
 + Level 2.3 Hexes
 + Level 2.3 Summonings
 + Level 2.3 Necromancy
 + Level 3.2 Translocations
 + Level 2.3 Transmutations
 + Level 2.3 Fire Magic
 + Level 2.3 Ice Magic
 + Level 2.3 Air Magic
 + Level 2.3 Earth Magic
 + Level 2.3 Poison Magic
 + Level 3.2 Invocations
 + Level 3.9 Evocations


You had 10 spell levels left.
You knew the following spells:

 Your Spells              Type           Power      Damage    Failure   Level
a - Apportation           Tloc           30%        N/A       3%          1
b - Gell's Gravitas       Tloc           15%        N/A       11%         3
c - Teleport Other        Tloc           15%        N/A       11%         3

Your spell library contained the following spells:

 Spells                   Type           Power      Damage    Failure   Level
 Magic Dart               Conj           48%        1d5       5%          1
 Searing Ray              Conj           24%        2d5       8%          2
 Fulminant Prism          Conj/Hex       6%         3d7       45%         4
 Dispersal                Tloc           7%         N/A       99%         6


Dungeon Overview and Level Annotations

Branches:
Dungeon (5/15)
 Temple: D:4-7

Altars:
Ashenzari
Fedhas
Hepliaklqana

Shops:
D:2 *   D:3 (


Innate Abilities, Weirdness & Mutations

You have very sharp teeth.
Your uncanny sense of smell can sniff out nearby items.
Your experience applies equally to all skills.


Message History

There is an open door here.
You see here a +0 scale mail.
Things that are here:
a +0 club; an adder corpse An orc wizard comes into view.
It is wielding a +0 dagger.
The orc wizard shouts!
You hear a howl!
An orc priest comes into view. It is wielding a +0 flail.
The orc wizard points at you and mumbles some strange words.
You are confused.
You're too confused to move!
The orc priest mumbles some strange prayers to Beogh against you.
Beogh smites you!
An orc comes into view. It is wielding a +0 dagger.
An orc wizard comes into view. It is wielding a +0 dagger.
The orc shouts!
The orc priest invokes the aid of Beogh against you.
Beogh smites you!
The orc wizard points at you and mumbles some strange words.
You are more confused.
The howler monkey howls!
The howler monkey hoots and howls with incredible vigour!
The orc priest calls down the wrath of Beogh upon you.
Beogh smites you!
* * * LOW HITPOINT WARNING * * *
The orc wizard casts a spell at you. You resist with some effort.
You hear a shout!
You hear an angry hiss.
The orc priest invokes the aid of Beogh against you.
Pain shoots through your body!
* * * LOW HITPOINT WARNING * * *
The howler monkey hoots and howls with incredible vigour!
You hear a shout!
The orc wizard mumbles some strange words.
The orc wizard flickers and vanishes!
Deactivating autopickup; reactivate with Ctrl-A.
The orc wizard attacks as you move away!
The orc wizard closely misses you.
The orc priest calls down the wrath of Beogh upon you.
Beogh smites you!
You die...

.....8.....#.# ....#.....<
..⌠.....⌠..#.## #.........
#.........##..# (#.##...#.#
###.....###...# ..#......###
###'### ##..#
######.#........#
#...###...###..#.............
###.[.)........#.......[.....
######...................<.
##.###@................
#..##..................
#..##..o........o......
##..##...o.##.#........
#...#...oo.###........
#####........{# ##.......
#.....#.#.#..h....##.###.
#....##.###....##. #.# #.
#.........#...### #. ...


You could see a howler monkey, 2 orc priests, an orc wizard and an orc.

Vanquished Creatures
  Blork the orc (D:5)
  4 phantoms
  A necrophage (D:4)
  A howler monkey (D:4)
  A jelly (D:4)
  A hound (D:2)
  Jessica (D:3)
  Ijyb (D:5)
  Natasha (thrice) (D:2)
  An orc wizard (D:4)
  Terence (D:2)
  3 adders
  3 worms (D:2)
  5 dart slugs
  7 orcs
  9 ball pythons
  6 bats
  5 endoplasms
  3 giant cockroaches
  4 goblins
  6 hobgoblins
  4 jackals
  2 quokkas
  A frilled lizard (D:2)
  6 kobolds
  7 rats
87 creatures vanquished.

Vanquished Creatures (others)
  A fungus (D:1)
  A plant (D:1)
2 creatures vanquished.

Grand Total: 89 creatures vanquished

Notes
Turn   | Place    | Note
-------+----------+-------------------------------------------
     0 | D:1      | Hercules1031 the Gnoll Wanderer began the quest for the
                  | Orb.
     0 | D:1      | Hercules1031 set off with the following items: a +2 short
                  | sword, a +0 pair of gloves, a potion of attraction, a +0
                  | robe; and the following spell memorised: Apportation; and
                  | the following spells available to memorise: Gell's
                  | Gravitas.
     0 | D:1      | Reached XP level 1. HP: 13/13 MP: 6/6
    62 | D:1      | Reached XP level 2. HP: 18/20 MP: 7/7
   567 | D:1      | Reached skill level 5 in Spellcasting
   567 | D:1      | Reached XP level 3. HP: 25/25 MP: 7/9
   652 | D:1      | Found a faded altar of an unknown god.
   920 | D:2      | Noticed Natasha
  1005 | D:2      | Reached skill level 1 in Invocations
  1089 | D:2      | Noticed Terence
  1096 | D:2      | Killed Terence
  1097 | D:2      | Reached skill level 1 in Fighting
  1097 | D:2      | Reached skill level 1 in Long Blades
  1097 | D:2      | Reached skill level 1 in Axes
  1097 | D:2      | Reached skill level 1 in Maces & Flails
  1097 | D:2      | Reached skill level 1 in Polearms
  1097 | D:2      | Reached skill level 1 in Staves
  1097 | D:2      | Reached skill level 1 in Ranged Weapons
  1097 | D:2      | Reached skill level 1 in Throwing
  1097 | D:2      | Reached skill level 1 in Armour
  1097 | D:2      | Reached skill level 1 in Shields
  1097 | D:2      | Reached skill level 1 in Unarmed Combat
  1097 | D:2      | Reached XP level 4. HP: 32/32 MP: 11/11
  1202 | D:2      | Killed Natasha
  1203 | D:2      | Reached skill level 1 in Conjurations
  1203 | D:2      | Reached skill level 1 in Hexes
  1203 | D:2      | Reached skill level 1 in Summonings
  1203 | D:2      | Reached skill level 1 in Necromancy
  1203 | D:2      | Reached skill level 1 in Transmutations
  1203 | D:2      | Reached skill level 1 in Fire Magic
  1203 | D:2      | Reached skill level 1 in Ice Magic
  1203 | D:2      | Reached skill level 1 in Air Magic
  1203 | D:2      | Reached skill level 1 in Earth Magic
  1203 | D:2      | Reached skill level 1 in Poison Magic
  1331 | D:2      | Reached XP level 5. HP: 20/37 MP: 12/12
  1355 | D:2      | Found a blossoming altar of Fedhas.
  1420 | D:2      | Found Niyt's General Store.
  1435 | D:2      | Noticed Natasha
  1468 | D:2      | Killed Natasha
  1489 | D:2      | Learned a level 3 spell: Gell's Gravitas
  1493 | D:2      | Learned a level 3 spell: Teleport Other
  1699 | D:2      | Noticed Natasha
  1706 | D:2      | Killed Natasha
  2040 | D:3      | Noticed Jessica
  2059 | D:3      | Killed Jessica
  2185 | D:3      | Identified the +1 leather armour of the Tormentor {Rampage
                  | rC- rN+++ Slay+3}
  2271 | D:3      | Reached XP level 6. HP: 44/44 MP: 13/13
  2272 | D:3      | Found Orunloh's Weapon Shop.
  2290 | D:3      | Bought a +0 rapier for 56 gold pieces
  2298 | D:3      | Identified a scroll of acquirement
  2298 | D:3      | Acquired 776 gold pieces
  2359 | D:2      | Bought the +4 pair of boots of Supple Strength {Str+2
                  | Int+4} for 617 gold pieces
  2359 | D:2      | Bought a potion of curing for 42 gold pieces
  3373 | D:5      | Entered Level 5 of the Dungeon
  3465 | D:4      | Reached XP level 7. HP: 33/51 MP: 15/15
  3557 | D:5      | Noticed Blork the orc
  3617 | D:5      | Reached skill level 9 in Short Blades
  3617 | D:5      | Noticed Ijyb
  3632 | D:5      | Killed Blork the orc
  3712 | D:5      | Killed Ijyb
  3724 | D:5      | Found a broken altar of Ashenzari.
  3725 | D:5      | Found a hazy altar of Hepliaklqana.
  3735 | D:5      | Became a worshipper of Ashenzari the Shackled
  3762 | D:5      | Killed from afar by an orc priest

Illustrated notes

Levels and vault maps discovered:
D:1:      lemuel_arrival_cross, layout_basic,
          shapermc_ecumenical_altar_mp_urbaneastern
D:2:      layout_basic, basic_altar, serial_co_window_serial, co_window_cross_1,
          co_window_paths_a, co_window_paths_b, co_window_paths_a,
          co_window_corner_a, co_window_unsneaky_path_d, co_window_2corner,
          co_window_broadway_a, co_window_broadway_b, co_window_corner_cb,
          co_window_paths_e, glass_columns_a, glass_columns_a, glass_columns_b,
          glass_columns_a, serial_shops, shop, uniq_terence, uniq_natasha
D:3:      layout_loops_ring, serial_shops, shop, uniq_jessica
D:4:      layout_basic, dk_noncrumbling_3, nrook_uturn, minmay_close_crescents
D:5:      layout_cave_pools, gammafunk_temple_overflow_pools,
          minmay_misc_feat_diagonals, grunt_ministairs_14, uniq_blork_the_orc,
          uniq_ijyb, uniq_edmund

Skill      XL: |  1  2  3  4  5  6  7 |
---------------+----------------------+-----
Translocations | 2 3 |  3.2
Spellcasting   | 5 |  5.8
Invocations    | 1 2 3 |  3.2
Fighting       | 1 2 |  2.9
Long Blades    | 1 2 |  2.9
Axes           | 1 2 |  2.9
Maces & Flails | 1 2 |  2.9
Polearms       | 1 2 |  2.9
Staves         | 1 2 |  2.9
Ranged Weapons | 1 2 |  2.9
Throwing       | 1 2 |  2.9
Armour         | 1 2 |  2.9
Shields        | 1 2 |  2.9
Unarmed Combat | 1 2 |  2.9
Conjurations   | 1 2 |  2.3
Hexes          | 1 2 |  2.3
Summonings     | 1 2 |  2.3
Necromancy     | 1 2 |  2.3
Transmutations | 1 2 |  2.3
Fire Magic     | 1 2 |  2.3
Ice Magic      | 1 2 |  2.3
Air Magic      | 1 2 |  2.3
Earth Magic    | 1 2 |  2.3
Poison Magic   | 1 2 |  2.3
Dodging        | 3 |  3.9
Evocations     | 3 |  3.9
Stealth        | 3 |  3.8
Short Blades   | 9 |  9.0

Action                   |  1- 3 |  4- 6 |  7- 9 || total
-------------------------+-------+-------+-------++-------
Melee: Short sword       |    86 |   242 |   114 ||   442
       Bite              |     8 |    24 |     9 ||    41
       Punch             |     1 |     7 |     1 ||     9
 Cast: Apportation       |     2 |       |       ||     2
  Use: Scroll            |       |    13 |       ||    13
 Stab: Sleeping          |     3 |    10 |       ||    13
Armor: Robe              |    20 |    80 |    43 ||   143
Dodge: Dodged            |    47 |   138 |    64 ||   249
